 Dungeon Crawl Stone Soup version 0.27.1-34-g3ba077fa99 (webtiles) character file.

Game seed: 13273295339509112389

61 zeram the Poker (level 4, -1/35 HPs)
             Began as a Merfolk Fighter on Jan 3, 2022.
             Slain by a gnoll (11 damage)
             ... on level 1 of the Dungeon.
             The game lasted 00:02:29 (1656 turns).

zeram the Poker (Merfolk Fighter)                   Turns: 1656, Time: 00:02:30

Health: -1/35      AC:  6    Str: 16    XL:     4   Next: 7%
Magic:  4/4        EV:  7    Int:  8    God:
Gold:   20         SH: 10    Dex: 13    Spells: 2/3 levels left

rFire    . . .     SeeInvis .   a - +0 trident
rCold    . . .     Faith    .   c - +1 kite shield
rNeg     . . .     Spirit   .   b - +0 scale mail
rPois    .         Reflect  .   (no helmet)
rElec    .         Harm     .   (no cloak)
rCorr    .         Rampage  .   (no gloves)
Will     .....                  (no boots)
Stlth    ..........             (no amulet)
HPRegen  0.11/turn              f - ring of flight
MPRegen  0.09/turn              (no ring)

@: flying
A: (nimble swimmer 2), mertail
a: no special abilities


You were on level 1 of the Dungeon.
You visited 1 branch of the dungeon, and saw 2 of its levels.

You collected 40 gold pieces.
You spent 20 gold pieces at shops.

Inventory:

Hand Weapons
 a - a +0 trident (weapon)
Armour
 b - a +0 scale mail (worn)
 c - a +1 kite shield (worn)
Jewellery
 f - a ring of flight (left hand)
Scrolls
 e - a scroll of identify
 g - a scroll of enchant armour
Potions
 d - a potion of might
 h - a potion of resistance


   Skills:
 - Level 3.2 Fighting
 + Level 4.8 Polearms
 - Level 2.1 Armour
 + Level 0.8 Dodging
 + Level 3.9 Shields


You had 2 spell levels left.
You knew the following spells:

 Your Spells              Type           Power      Damage    Failure   Level
a - Pain                  Necr           0%         1d4       100%        1

Your spell library contained the following spells:

 Spells                   Type           Power      Damage    Failure   Level
 Animate Skeleton         Necr           0%         N/A       100%        1
 Vampiric Draining        Necr           0%         2d6       100%        3


Dungeon Overview and Level Annotations

Branches:
Dungeon (2/15)

Altars:
Sif Muna

Shops:
D:2 *


Innate Abilities, Weirdness & Mutations

((You are quick and stealthy near water. (Stealth+, EV+, Speed+++)))
Your lower body shifts to a powerful aquatic tail in water.


Message History

The gnoll hits you with a +0 flail!
* * * LOW HITPOINT WARNING * * *
You are too injured to fight recklessly!
The gnoll shouts!
The gnoll closely misses you.
Things that are here:
a +0 short sword; 5 stones You barely miss the gnoll.
The gnoll is almost dead.
You block the gnoll's attack. The gnoll hits you with a +0 flail.
* * * LOW HITPOINT WARNING * * *
You barely miss the gnoll.
The gnoll is almost dead.
The gnoll hits you but does no damage.
You hit the gnoll.
You kill the gnoll!
You have reached level 4!
Okay, then.
Things that are here:
a +0 dagger; 3 stones; a kobold corpse
There is an escape hatch in the ceiling here.
You block the gnoll's attack. A mysterious force pulls you upwards.
The hatch slams shut behind you.
You hit the gnoll.
The gnoll is moderately wounded.
You block the gnoll's attack.
You hit the gnoll.
The gnoll is heavily wounded.
The gnoll barely misses you.
You hit the gnoll but do no damage.
The gnoll is heavily wounded.
The gnoll hits you but does no damage.
You hit the gnoll.
The gnoll is severely wounded.
You block the gnoll's attack. The gnoll hits you with a +0 flail.
* * * LOW HITPOINT WARNING * * *
You hit the gnoll.
The gnoll is almost dead.
The gnoll hits you with a +0 flail!
You die...

#.#### #.).##### ######.# ###
#...# # #########......###.##
#...# #
..........#######.#.#####...#
# ##.######## #.###.......##
##.# ###.#.######## ##.#
#.......# ...# #..#.##.###
####### ####
#.@#......###....##
#g.#..........####.
#..#.##.####.####.# #.......#
#.###.## ####.#### #.#..##.
###.# ###.#.##.. ##.#.#
#.....#... #.#..# #.........
##.### #.....#...


You could see a gnoll.

Vanquished Creatures
  2 gnolls (D:2)
  An adder (D:2)
  2 bats (D:1)
  An endoplasm (D:2)
  A giant cockroach (D:1)
  4 goblins (D:1)
  3 hobgoblins (D:1)
  6 kobolds
  3 quokkas
  2 ball pythons
  2 frilled lizards (D:1)
  4 rats
31 creatures vanquished.

Vanquished Creatures (others)
  A fungus (D:1)
  A plant (D:1)
2 creatures vanquished.

Grand Total: 33 creatures vanquished

Notes
Turn   | Place    | Note
-------+----------+-------------------------------------------
     0 | D:1      | zeram the Merfolk Fighter began the quest for the Orb.
     0 | D:1      | Reached XP level 1. HP: 18/18 MP: 1/1
   247 | D:1      | Reached XP level 2. HP: 18/24 MP: 2/2
   805 | D:1      | Reached XP level 3. HP: 28/29 MP: 3/3
   807 | D:1      | Learned a level 1 spell: Pain
   926 | D:1      | Found a faded altar of an unknown god.
  1026 | D:1      | Reached skill level 4 in Polearms
  1157 | D:2      | Found a shimmering blue altar of Sif Muna.
  1401 | D:2      | Found Itzoch's General Store.
  1561 | D:2      | Bought a scroll of identify for 20 gold pieces
  1598 | D:2      | Reached XP level 4. HP: 9/35 MP: 4/4
  1656 | D:1      | Slain by a gnoll

Illustrated notes

Levels and vault maps discovered:
D:1:      psy_arrival_spokes, layout_loops_cross,
          shapermc_ecumenical_altar_mp_urbaneastern
D:2:      layout_loops_ring, serial_shops, shop_coins, nicolae_square_shop,
          nicolae_shop_crystal, nicolae_shop_statue_plus, shop, basic_altar

Skill      XL: |  1  2  3 |
---------------+----------+-----
Polearms       | 4 |  4.8
Fighting       | |  3.2
Armour         | |  2.1
Dodging        | |  0.8
Shields        | |  3.9

Action                   |  1- 3 |  4- 6 || total
-------------------------+-------+-------++-------
Melee: Trident           |   101 |     5 ||   106
  Use: Scroll            |     3 |       ||     3
Armor: Scale mail        |    29 |     1 ||    30
Dodge: Dodged            |    23 |     1 ||    24
Block: Kite shield       |    45 |     3 ||    48
